 Dungeon Crawl Stone Soup version 0.29.0-13-gc9e81de378 (webtiles) character file.

Game seed: 3792974582348141551

39139 Sobieck the Grappler (level 13, 0/136 HPs)
             Began as a Troll Monk on Sept 8, 2022.
             Was the Champion of Wu Jian.
             Slain by a 13-headed hydra (10 damage)
             ... on level 4 of the Lair of Beasts.
             The game lasted 00:37:43 (14332 turns).

Sobieck the Grappler (Troll Monk)                  Turns: 14332, Time: 00:37:44

Health: 0/136      AC: 12    Str: 26    XL:     13   Next: 67%
Magic:  21/21      EV: 13    Int:  6    God:    Wu Jian [******]
Gold:   995        SH:  5    Dex: 12    Spells: 12/12 levels left

rFire   . . .      SeeInvis .     - Unarmed
rCold   . . .      Faith    .   (no shield)
rNeg    . . .      Spirit   .   H - +1 troll leather armour
rPois   .          Reflect  +   W - +0 hat
rElec   .          Harm     .   v - +0 cloak
rCorr   .          Rampage  .   (gloves unavailable)
Will    .....                   (boots unavailable)
Stlth   +.........              l - amulet of reflection
HPRegen 1.92/turn               s - ring of magical power
MPRegen 0.17/turn               J - +4 ring of protection

@: exhausted, hasted, very quick
A: large, unfitting armour, claws 3, regeneration 1, shaggy fur 1, tough skin 1
a: Renounce Religion, Wall Jump, Serpent's Lash, Heavenly Storm


You were on level 4 of the Lair of Beasts.
You worshipped Wu Jian.
Wu Jian was exalted by your worship.
You visited 3 branches of the dungeon, and saw 16 of its levels.

You collected 995 gold pieces.


Innate Abilities, Weirdness & Mutations

You are too large for most types of armour.
You have claws for hands.
Your natural rate of healing is unusually fast.
You are covered in fur. (AC +1)
You have tough skin. (AC +1)


   Skills:
 + Level 10.9 Fighting
 - Level 6.0 Throwing
 + Level 4.1 Armour
 + Level 10.8 Dodging
 - Level 1.0 Stealth
 * Level 13.9 Unarmed Combat
 - Level 3.0 Evocations


You had 12 spell levels left.
You didn't know any spells.
Your spell library contained the following spells:

 Spells                   Type           Power      Damage    Failure   Level
 Magic Dart               Conj           0%         1d3       50%         1
 Call Imp                 Summ           0%         N/A       63%         2
 Searing Ray              Conj           0%         2d4       63%         2
 Mephitic Cloud           Conj/Pois/Air  0%         N/A       86%         3
 Ozocubu's Armour         Ice            0%         N/A       86%         3
 Fulminant Prism          Conj/Hex       0%         3d6       99%         4
 Fireball                 Conj/Fire      0%         3d3       100%        5
 Iskenderun's Battlesphe  Conj           0%         2d6       100%        5
 Conjure Ball Lightning   Conj/Air       0%         3x3d6     100%        6
 Starburst                Conj/Fire      0%         6d3       100%        6
 Orb of Destruction       Conj           0%         9d5       100%        7
 Ozocubu's Refrigeration  Ice            0%         4d7       100%        7
 Ignition                 Fire           0%         3d3       100%        8

Inventory:

Hand Weapons
 b - a +2 sling of flaming
   (You took it off a goblin on level 2 of the Dungeon)
 M - a +0 halberd {polearm}
   (You took it off a gnoll on level 6 of the Dungeon)
Missiles
 f - 115 stones {throwing}
 j - 6 javelins {throwing}
 n - 4 throwing nets {=f!fthrowing}
 w - 14 boomerangs (quivered) {throwing}
 P - 3 curare-tipped darts {=fthrowing}
 R - 20 poisoned darts {throwing}
 T - 3 datura-tipped darts {throwing}
 X - 6 large rocks {=fthrowing}
Armour
 h - a +0 robe
   (You took it off a wight on level 6 of the Dungeon)
 r - a +0 robe
   (You found it on level 3 of the Dungeon)
 v - a +0 cloak (worn)
   (You found it on level 1 of the Lair of Beasts)
 B - a +0 robe
   (You took it off an orc wizard on level 5 of the Dungeon)
 D - a +0 tower shield
   (You found it on level 10 of the Dungeon)
 E - +0 steam dragon scales
   (You found it on level 7 of the Dungeon)
 H - a +1 troll leather armour (worn)
   (You found it on level 9 of the Dungeon)
 S - a +0 robe
   (You found it on level 7 of the Dungeon)
 V - a +0 robe
   (You took it off a wight on level 7 of the Dungeon)
 W - a +0 hat (worn)
   (You found it on level 1 of the Lair of Beasts)
 Z - a +0 robe of fire resistance
   (You took it off an orc wizard on level 7 of the Dungeon)
Jewellery
 l - an amulet of reflection (around neck)
   (You found it on level 2 of the Dungeon)
 s - a ring of magical power (left claw)
   (You found it on level 3 of the Dungeon)
 u - an amulet of regeneration {@e2}
   (You found it on level 2 of the Dungeon)
 J - a +4 ring of protection (right claw)
   (You found it on level 2 of the Lair of Beasts)
 O - a ring of positive energy
   (You found it on level 3 of the Lair of Beasts)
Wands
 d - a wand of roots (12)
   (You found it on level 9 of the Dungeon)
 x - a wand of flame (57)
   (You found it on level 4 of the Dungeon)
 C - a wand of paralysis (20)
   (You found it on level 7 of the Dungeon)
 L - a wand of light (17)
   (You found it on level 6 of the Dungeon)
Scrolls
 i - a scroll of fear
 m - 4 scrolls of butterflies
 y - 3 scrolls of poison {!r}
 z - a scroll of silence {unknown}
 F - 2 scrolls of summoning
 I - 3 scrolls of blinking {!r}
 K - 2 scrolls of magic mapping {!r}
 N - 7 scrolls of teleportation {@r4}
 Q - 2 scrolls of immolation {!r!r}
 Y - a scroll of vulnerability {!r!r}
Potions
 a - 3 potions of flight
 c - 3 potions of degeneration {unknown}
 e - 10 potions of curing {@q1}
 g - 2 potions of heal wounds {@q2}
 k - 3 potions of attraction {unknown}
 o - 2 potions of magic {unknown}
 p - 2 potions of ambrosia
 q - 6 potions of might
 t - 5 potions of brilliance
 A - a potion of invisibility {unknown}
 G - 3 potions of haste {@q3}
 U - a potion of lignification {unknown}

Dungeon Overview and Level Annotations

Branches:
Dungeon (11/15) Zot: 26120  Temple (1/1) D:4 Zot: 5863    Lair (4/5) D:11 Zot: 20558
  Swamp (0/4) Lair:3       Spider (0/4) Lair:3        Slime (0/5) Lair:4
    Orc (0/2) D:11

Altars:
Ashenzari
Cheibriados
Elyvilon
Fedhas
Gozag
Hepliaklqana
Kikubaaqudgha
Makhleb
Nemelex Xobeh
Okawaru
Qazlal
Ru
Trog
Uskayaw
Wu Jian
Xom
Yredelemnul
Zin
Jiyva

Shops:
D:1 :

Annotations:
D:8 exclusion: ugly thing
D:10 3 runed translucent doors, exclusion: 3 simulacra, ragingrage's ghost, journeyman OpCA

###### ##....# .....# ##....#
..... #...# #...## #.@DP#
##########....##
##..##.#........#####
####.#..............##.###
##......................#.###
.......)..#.#...............#
......#P#.####.....###......####
...##.########.....##.###....#.#
...#### #.....>..### ##....###


You could see a 13-headed hydra.


Message History

The three-headed hydra grows two more!
You scratch the five-headed hydra.
Unknown command.
You spin and attack the five-headed hydra, with incredible momentum.
You claw one of the five-headed hydra's heads off!
The four-headed hydra grows two more!
You mangle the six-headed hydra!!
Your supernatural speed expires.
Unknown command.
You completely miss the six-headed hydra.
The six-headed hydra closely misses you.
The six-headed hydra bites you. The six-headed hydra bites you!
You block the six-headed hydra's attack.
The six-headed hydra completely misses you.
The six-headed hydra bites you.
You claw one of the six-headed hydra's heads off!
The five-headed hydra grows two more!
You mangle the seven-headed hydra!!
The seven-headed hydra barely misses you.
The seven-headed hydra bites you!
The seven-headed hydra completely misses you.
The seven-headed hydra bites you but does no damage.
The seven-headed hydra bites you. x2
The seven-headed hydra bites you but does no damage.
You claw one of the seven-headed hydra's heads off!
The six-headed hydra grows two more!
You mangle the eight-headed hydra!!
The eight-headed hydra barely misses you.
The eight-headed hydra bites you but does no damage.
The eight-headed hydra bites you.
The eight-headed hydra bites you but does no damage.
You block the eight-headed hydra's attack.
The eight-headed hydra bites you.
The eight-headed hydra bites you but does no damage.
The eight-headed hydra bites you.
Unknown command.
You barely miss the eight-headed hydra.
You rip one of the eight-headed hydra's heads off!
The seven-headed hydra grows two more!
You scratch the nine-headed hydra. The nine-headed hydra bites you.
You block the nine-headed hydra's attack.
The nine-headed hydra bites you.
The nine-headed hydra closely misses you.
You block the nine-headed hydra's attack. x2
The nine-headed hydra bites you but does no damage.
The nine-headed hydra barely misses you.
The nine-headed hydra bites you.
You claw one of the nine-headed hydra's heads off!
The eight-headed hydra grows two more!
You mangle the ten-headed hydra!!
The ten-headed hydra completely misses you.
The ten-headed hydra bites you.
You block the ten-headed hydra's attack.
The ten-headed hydra closely misses you.
The ten-headed hydra bites you! The ten-headed hydra barely misses you.
The ten-headed hydra bites you but does no damage.
The ten-headed hydra bites you.
* * * LOW HITPOINT WARNING * * *
The ten-headed hydra misses you. The ten-headed hydra bites you.
* * * LOW HITPOINT WARNING * * *
You claw one of the ten-headed hydra's heads off!
The nine-headed hydra grows two more!
You claw the 11-headed hydra! The 11-headed hydra bites you!
* * * LOW HITPOINT WARNING * * *
The 11-headed hydra bites you!
* * * LOW HITPOINT WARNING * * *
The 11-headed hydra bites you.
* * * LOW HITPOINT WARNING * * *
The 11-headed hydra bites you but does no damage.
The 11-headed hydra barely misses you.
The 11-headed hydra closely misses you. x2
The 11-headed hydra bites you but does no damage.
The 11-headed hydra closely misses you.
The 11-headed hydra bites you but does no damage.
The 11-headed hydra barely misses you.
Unknown command.
You claw one of the 11-headed hydra's heads off!
The ten-headed hydra grows two more!
You claw the 12-headed hydra!
Unknown command.
You tear one of the 12-headed hydra's heads off!
The 11-headed hydra grows two more!
You mangle the 13-headed hydra!!
The 13-headed hydra bites you but does no damage. x2
The 13-headed hydra bites you!
* * * LOW HITPOINT WARNING * * *
The 13-headed hydra bites you.
* * * LOW HITPOINT WARNING * * *
The 13-headed hydra bites you!
* * * LOW HITPOINT WARNING * * *
The 13-headed hydra closely misses you. You block the 13-headed hydra's attack.
The 13-headed hydra bites you.
* * * LOW HITPOINT WARNING * * *
The 13-headed hydra closely misses you. The 13-headed hydra bites you.
* * * LOW HITPOINT WARNING * * *
The 13-headed hydra bites you.
* * * LOW HITPOINT WARNING * * *
The 13-headed hydra closely misses you.
The 13-headed hydra bites you but does no damage.
Unknown command.
Okay, then.
Unknown command.
You feel yourself speed up. The 13-headed hydra bites you.
* * * LOW HITPOINT WARNING * * *
The 13-headed hydra barely misses you. The 13-headed hydra closely misses you.
The 13-headed hydra bites you but does no damage.
You block the 13-headed hydra's attack. The 13-headed hydra bites you!
You die...

Skill      XL: |  1  2  3  4  5  6  7  8  9 10 11 12 13 |
---------------+----------------------------------------+-----
Unarmed Combat | 4 5 6 8 9 10 12 13 | 13.9
Throwing       | 2 4 6 |  6.0
Fighting       | 3 4 6 9 10 | 10.9
Dodging        | 3 4 6 9 10 | 10.8
Armour         | 2 4 |  4.1
Evocations     | 2 3 |  3.0
Stealth        | |  1.0

Action                   |  1- 3 |  4- 6 |  7- 9 | 10-12 | 13-15 || total
-------------------------+-------+-------+-------+-------+-------++-------
Melee: Unarmed           |    82 |   114 |   256 |   601 |   243 ||  1296
       Punch             |     4 |     3 |    14 |    43 |    15 ||    79
 Fire: Sling             |       |    83 |    44 |    21 |       ||   148
Throw: Stone             |       |     7 |     5 |     8 |       ||    20
       Large rock        |       |       |       |    17 |       ||    17
       Dart              |       |       |       |     6 |       ||     6
       Javelin           |       |       |       |     3 |       ||     3
       Boomerang         |       |       |       |    25 |    39 ||    64
Invok: Lunge             |       |     5 |    10 |    46 |     8 ||    69
       Whirlwind         |       |       |     7 |    50 |     1 ||    58
       Serpent's Lash    |       |       |       |     4 |     1 ||     5
 Abil: Wall Jump         |       |       |       |     1 |       ||     1
  Use: Scroll            |       |     8 |     6 |     7 |     2 ||    23
       Potion            |       |       |       |     5 |     1 ||     6
 Stab: Sleeping          |       |     1 |       |       |       ||     1
Armor: Robe              |    26 |    32 |    46 |       |       ||   104
       Steam dragon scal |       |       |       |    35 |       ||    35
       Troll leather arm |       |       |       |    98 |    91 ||   189
Dodge: Dodged            |    38 |    43 |   116 |   269 |   120 ||   586
Block: Other             |     5 |    20 |    44 |    91 |    48 ||   208
       Reflection        |       |       |     1 |     3 |       ||     4

Levels and vault maps discovered:
D:1:      onia_arrival_mini_spirals, layout_loops_ring, serial_shops,
          nicolae_square_shop
D:2:      layout_basic
D:3:      layout_loops_ring, mainiacjoe_overflow_24_doors
D:4:      layout_loops_cross, minmay_temple_entry_drinking_statues
D:5:      layout_basic
D:6:      minmay_recursive_quarters, layout_loops_cross
D:7:      layout_rooms, fedhas_bush_and_centaur_altar,
          mainiacjoe_overflow_catwalk, mainiacjoe_overflow_alcove_4,
          serial_corexii_hall, corexii_hall_statues_s,
          chequers_hall_statues_corner_a, kennysheep_path_1
D:8:      layout_basic, grunt_temple_overflow_opulence,
          lemuel_zombie_altar_yredelemnul, minmay_small_thing
D:9:      layout_irregular_city, lemuel_tele_altar, minmay_starry_boxes
D:10:     layout_basic, gammafunk_temple_overflow_statue, ebering_ghost_gozag,
          minmay_misc_feat_encased, eino_house_with_fridge
D:11:     layout_irregular_city, due_lair_maze_entry_diamond,
          minmay_orc_entry_temple_large, serial_column_ruins,
          column_ruins_grid_1, column_ruins_columns_corner,
          column_ruins_open_large
Temple:   minmay_temple_forest_path
Lair:1:   layout_loops_ring, nicolae_volcano_entry_s_turn
Lair:2:   layout_regular_city
Lair:3:   layout_roguey, swamp_mist, spider_nest_entry_a, patterned_corridor
Lair:4:   layout_hall_layers, nicolae_slime_entry_slimehenge

Notes
Turn   | Place    | Note
-------+----------+-------------------------------------------
     0 | D:1      | Sobieck the Troll Monk began the quest for the Orb.
     0 | D:1      | Reached XP level 1. HP: 22/22 MP: 0/0
   103 | D:1      | Reached XP level 2. HP: 27/29 MP: 1/1
   318 | D:1      | Reached skill level 4 in Unarmed Combat
   605 | D:1      | Found Oconk's Book Shoppe.
   747 | D:2      | Reached XP level 3. HP: 36/36 MP: 2/2
   831 | D:2      | Reached XP level 4. HP: 44/44 MP: 3/3
   858 | D:2      | Reached skill level 5 in Unarmed Combat
  1129 | D:2      | You fall into a shaft and drop 1 floor!
  1156 | D:3      | Noticed a scorpion
  1165 | D:3      | Killed a scorpion
  1166 | D:3      | Reached XP level 5. HP: 35/50 MP: 4/4
  1463 | D:2      | Reached skill level 6 in Unarmed Combat
  1735 | D:3      | Found a glowing silver altar of Zin.
  2419 | D:4      | Reached XP level 6. HP: 44/59 MP: 5/5
  2477 | D:4      | Found a staircase to the Ecumenical Temple.
  2496 | D:4      | Reached skill level 7 in Unarmed Combat
  2498 | Temple   | Entered the Ecumenical Temple
  2608 | Temple   | Became a worshipper of the Wu Jian Council
  2608 | Temple   | Reached * piety under Wu Jian
  2608 | Temple   | Reached ** piety under Wu Jian
  2848 | D:4      | Reached skill level 8 in Unarmed Combat
  2863 | D:4      | Reached XP level 7. HP: 66/66 MP: 6/6
  3320 | D:5      | Entered Level 5 of the Dungeon
  3554 | D:5      | Reached skill level 9 in Unarmed Combat
  3752 | D:5      | Reached XP level 8. HP: 69/74 MP: 7/7
  4127 | D:5      | Reached skill level 10 in Unarmed Combat
  4169 | D:6      | Reached *** piety under Wu Jian
  4173 | D:6      | Reached skill level 1 in Throwing
  4272 | D:6      | Reached skill level 3 in Fighting
  4395 | D:6      | Noticed a troll
  4412 | D:5      | Killed a troll
  4413 | D:5      | Reached skill level 2 in Throwing
  4413 | D:5      | Reached skill level 3 in Dodging
  4619 | D:6      | Reached XP level 9. HP: 70/83 MP: 8/8
  4719 | D:6      | Reached skill level 11 in Unarmed Combat
  5143 | D:6      | HP: 19/81 [gnoll/+0 halberd[a gnoll bouda] (11)]
  5222 | D:6      | Reached skill level 3 in Throwing
  5306 | D:6      | You pick up a book of Fire and begin reading...
  5306 | D:6      | You add the spells Fireball, Starburst and Ignition to your
                  | library.
  5352 | D:7      | Found a blossoming altar of Fedhas.
  5464 | D:7      | Found a broken altar of Ashenzari.
  5534 | D:7      | Reached skill level 4 in Fighting
  5534 | D:7      | Reached skill level 4 in Dodging
  6140 | D:7      | Reached **** piety under Wu Jian
  6141 | D:7      | Reached skill level 4 in Throwing
  6148 | D:7      | Reached skill level 12 in Unarmed Combat
  6308 | D:7      | Reached XP level 10. HP: 90/94 MP: 9/9
  6351 | D:7      | Found an ancient bone altar of Kikubaaqudgha.
  6386 | D:7      | Reached skill level 5 in Fighting
  6530 | D:8      | Reached skill level 5 in Dodging
  6797 | D:8      | You add the spells Ozocubu's Armour and Ozocubu's
                  | Refrigeration to your library.
  7280 | D:8      | Noticed a green ugly thing
  7417 | D:8      | Found a basalt altar of Yredelemnul.
  7549 | D:8      | Found a sparkling altar of Nemelex Xobeh.
  7551 | D:8      | Found an opulent altar of Gozag.
  7714 | D:9      | Reached skill level 5 in Throwing
  7772 | D:9      | HP: 22/97 [killer bee (4)]
  7777 | D:9      | HP: 19/97 [poisoned by a killer bee]
  8095 | D:9      | Noticed a two-headed ogre
  8108 | D:9      | Killed a two-headed ogre
  8109 | D:9      | Reached skill level 6 in Fighting
  8140 | D:9      | Found a hazy altar of Hepliaklqana.
  8172 | D:9      | Reached skill level 6 in Dodging
  8188 | D:9      | Reached skill level 6 in Throwing
  8412 | D:9      | Reached ***** piety under Wu Jian
  8418 | D:9      | Reached XP level 11. HP: 79/107 MP: 10/10
  8703 | D:10     | Entered Level 10 of the Dungeon
  8808 | D:10     | Reached skill level 7 in Fighting
  8956 | D:10     | Reached skill level 7 in Dodging
  9040 | D:10     | Found a runed translucent gate.
  9040 | D:10     | Found a runed translucent gate.
  9040 | D:10     | Found a runed translucent gate.
  9046 | D:10     | Noticed a two-headed ogre
  9068 | D:10     | Killed a two-headed ogre
  9087 | D:10     | Found an opulent altar of Gozag.
  9087 | D:10     | Noticed a centaur warrior
  9089 | D:10     | Noticed a centaur warrior
  9089 | D:10     | Noticed ragingrage's ghost (journeyman OpCA)
  9432 | D:10     | Noticed a necromancer
  9467 | D:10     | Killed a necromancer
  9764 | D:10     | Found a burning altar of Makhleb.
  9764 | D:10     | Found a snail-covered altar of Cheibriados.
  9988 | D:11     | Reached skill level 8 in Fighting
  9999 | D:11     | Reached skill level 8 in Dodging
 10050 | D:11     | Found a staircase to the Lair.
 10163 | D:11     | Noticed a four-headed hydra
 10168 | D:11     | Killed a six-headed hydra
 10179 | D:11     | Found a staircase to the Orcish Mines.
 10445 | D:11     | Noticed a two-headed ogre
 10450 | D:11     | Killed a two-headed ogre
 10502 | D:11     | You pick up a book of Conjurations {@e2} and begin
                  | reading...
 10502 | D:11     | You add the spells Magic Dart, Searing Ray and Fulminant
                  | Prism to your library.
 10644 | D:11     | Reached skill level 9 in Fighting
 10644 | D:11     | Reached skill level 9 in Dodging
 10796 | Lair:1   | Entered Level 1 of the Lair of Beasts
 10868 | Lair:1   | Reached XP level 12. HP: 115/123 MP: 11/11
 11033 | Lair:1   | Noticed a four-headed hydra
 11039 | Lair:1   | Killed a seven-headed hydra
 11165 | Lair:1   | Noticed a seven-headed hydra
 11169 | Lair:1   | Killed a nine-headed hydra
 11336 | Lair:1   | You pick up a book of Fire and begin reading...
 11946 | Lair:2   | Reached skill level 10 in Fighting
 12006 | Lair:2   | You pick up a book of the Spheres and begin reading...
 12006 | Lair:2   | You add the spells Iskenderun's Battlesphere, Conjure Ball
                  | Lightning and Orb of Destruction to your library.
 12040 | Lair:2   | Reached skill level 10 in Dodging
 12417 | Lair:2   | Reached skill level 1 in Armour
 12417 | Lair:2   | Reached skill level 1 in Evocations
 12831 | Lair:3   | Reached skill level 2 in Armour
 12867 | Lair:3   | Reached skill level 2 in Evocations
 12896 | Lair:3   | Reached XP level 13. HP: 69/135 MP: 12/12
 12950 | Lair:3   | Found a hole to the Spider Nest.
 13068 | Lair:3   | Found a staircase to the Swamp.
 13177 | Lair:3   | You pick up a book of Minor Magic and begin reading...
 13177 | Lair:3   | You add the spells Call Imp and Mephitic Cloud to your
                  | library.
 13258 | Lair:3   | Reached skill level 13 in Unarmed Combat
 13295 | Lair:3   | Reached ****** piety under Wu Jian
 13323 | Lair:3   | Reached skill level 3 in Armour
 13577 | Lair:4   | Reached skill level 3 in Evocations
 13815 | Lair:4   | Found a viscous altar of Jiyva.
 13831 | Lair:4   | Found a staircase to the Slime Pits.
 14221 | Lair:4   | Reached skill level 4 in Armour
 14331 | Lair:4   | HP: 32/136 [13-headed hydra (3)]
 14331 | Lair:4   | HP: 13/136 [13-headed hydra (5)]
 14332 | Lair:4   | Slain by a 13-headed hydra

Vanquished Creatures
  3 hydras
  3 two-headed ogres
  A necromancer (D:10)
  A cyclops (D:11)
  33 elephants
  3 black mambas (Lair:2)
  5 cane toads
  2 gargoyles (D:11)
  6 komodo dragons
  A polar bear (Lair:2)
  5 trolls
  6 blink frogs (Lair:3)
  3 slime creatures (D:10)
  7 dream sheep (Lair:4)
  A jumping spider (Lair:3)
  A shadow (D:10)
  2 wraiths
  24 yaks
  A wyvern (Lair:3)
  4 basilisks
  2 steam dragons
  3 vampire mosquitoes (D:11)
  An acid dragon (D:10)
  16 water moccasins
  3 orc warriors
  An ice beast (D:5)
  4 black bears
  An ogre (D:5)
  4 centaurs
  17 wolves
  4 phantoms
  5 kobold brigands
  A necrophage (D:7)
  14 bullfrogs
  A gnoll sergeant (D:10)
  4 scorpions
  15 wights
  20 killer bees
  3 howler monkeys
  A centaur zombie (D:8)
  4 jellies
  A gnoll bouda (D:6)
  14 orc priests
  9 hounds
  An iguana (D:6)
  14 orc wizards
  2 yak simulacra (D:10)
  A killer bee zombie (D:8)
  10 adders
  15 gnolls
  A white imp (D:6)
  An ufetubus (D:5)
  3 worms (D:2)
  4 dart slugs
  39 orcs
  8 ball pythons
  7 endoplasms
  4 giant cockroaches
  5 goblins
  6 hobgoblins
  14 jackals
  23 kobolds
  2 quokkas (D:1)
  6 bats
  4 frilled lizards
  7 rats
437 creatures vanquished.

Vanquished Creatures (others)
  18 fungi
  33 plants
51 creatures vanquished.

Grand Total: 488 creatures vanquished

Table legend:
 A = Non-vault XP
 B = Vault XP
 C = Vault XP percentage of total XP
 D = Non-vault monster count
 E = Vault monster count
 F = Vault count percentage of total count
                 A         B        C        D         E       F
            +---------+---------+-------+---------+---------+-------
      Total |   51649 |    4265 |   7.6 |     382 |      55 |  12.6
            +---------+---------+-------+---------+---------+-------
        D:1 |      38 |       0 |   0.0 |      23 |       0 |   0.0
        D:2 |     113 |       0 |   0.0 |      24 |       0 |   0.0
        D:3 |     182 |       0 |   0.0 |      29 |       0 |   0.0
        D:4 |     537 |       0 |   0.0 |      23 |       0 |   0.0
        D:5 |     988 |     553 |  35.9 |      24 |       3 |  11.1
        D:6 |     938 |     268 |  22.2 |      21 |       7 |  25.0
        D:7 |    2188 |     118 |   5.1 |      35 |       1 |   2.8
        D:8 |    1210 |      74 |   5.8 |      19 |       2 |   9.5
        D:9 |    3709 |     237 |   6.0 |      31 |       4 |  11.4
       D:10 |    3393 |     669 |  16.5 |      22 |       3 |  12.0
       D:11 |    3940 |    1992 |  33.6 |      15 |      29 |  65.9
     Lair:1 |    6635 |       0 |   0.0 |      23 |       0 |   0.0
     Lair:2 |    5524 |       0 |   0.0 |      22 |       0 |   0.0
     Lair:3 |   11689 |     223 |   1.9 |      37 |       1 |   2.6
     Lair:4 |   10565 |     131 |   1.2 |      34 |       5 |  12.8
            +---------+---------+-------+---------+---------+-------

Illustrated notes

Table legend:
 A = Kills in this place as a percentage of kills in entire the game.
 B = Kills by you in this place as a percentage of kills by you in the entire game.
 C = Kills by friends in this place as a percentage of kills by friends in the entire game.
 D = Other kills in this place as a percentage of other kills in the entire game.
 E = Experience gained in this place as a percentage of experience gained in the entire game.
 F = Experience gained in this place divided by the number of levels of this place that you have seen.
                   A       B       C       D       E      F
               +-------+-------+-------+-------+-------+----------------------
         Total | 100.0 | 100.0 |   N/A |   N/A | 100.0 | 3494.6
       Dungeon |  72.1 |  72.1 |   N/A |   N/A |  37.8 | 1922.5
          Lair |  27.9 |  27.9 |   N/A |   N/A |  62.2 | 8691.8
               +-------+-------+-------+-------+-------+----------------------

Table legend: (Time is in decaauts)
 A = Elapsed time spent in this place.
 B = Non-inter-level travel time spent in this place.
 C = Inter-level travel time spent in this place.
 D = Time resting spent in this place.
 E = Time spent auto-exploring this place.
 F = Levels seen in this place.
 G = Mean time per level.
                   A        B        C        D        E       F      G
               +--------+--------+--------+--------+--------+-----+--------+
         Total |  14127 |  13610 |    517 |    856 |   9677 |  16 |  882.9 |
       Dungeon |  10550 |  10118 |    432 |    800 |   7070 |  11 |  959.1 |
        Temple |    136 |    110 |     26 |      0 |     98 |   1 |  136.0 |
          Lair |   3440 |   3381 |     59 |     55 |   2509 |   4 |  860.0 |
               +--------+--------+--------+--------+--------+-----+--------+

Top non-repeatable levels by time:
     D:8: 1274 daAuts
    D:10: 1185 daAuts
     D:6: 1107 daAuts
  Lair:1: 1088 daAuts
     D:5: 1038 daAuts
     D:7: 968 daAuts
     D:9: 926 daAuts
    D:11: 879 daAuts
     D:4: 872 daAuts
     D:2: 871 daAuts
  Lair:2: 796 daAuts
  Lair:4: 783 daAuts
  Lair:3: 771 daAuts
     D:3: 771 daAuts
     D:1: 655 daAuts
